Map: Romanticide LE

Players

Adonminus

  • Race: Protoss Protoss
  • League: Master
  • Spawn Location: 5:00

aLive - Winner!

  • Race: Terran Terran
  • League: Grandmaster
  • Spawn Location: 11:00

VOD

Have the link to the VOD?

Description

Time

  • Played on: Jan. 5, 2021, 10:55 a.m.
  • Length: 17:39
Show
View Real Time Build Order
Export as new Build Order

Adonminus Protoss 

Build Orders: 1 Gate Expand, Phoenix Opening, Carriers 

Get SALT Encoding   

  12  0:00  Probe  
  13  0:12  Probe  
  14  0:18  Pylon  
  14  0:24  Probe  
  15  0:36  Gateway  
  15  0:37  Probe (Chrono Boost)  
  15  0:41  Assimilator  
  16  0:46  Probe (Chrono Boost)  
  17  0:51  Probe (Chrono Boost)  
  18  1:03  Probe  
  19  1:15  Probe  
  20  1:23  Cybernetics Core  
  20  1:30  Nexus  
  20  1:37  Pylon  
  20  1:40  Probe  
  21  1:48  Assimilator  
  21  1:52  Probe  
  22  1:56  Adept (Chrono Boost)  
  24  2:02  Shield Battery  
  24  2:04  Probe  
  25  2:16  Probe  
  25  2:19  Adept  
  28  2:26  Stargate  
  28  2:28  Probe  
  29  2:36  Warp Gate  
  29  2:40  Probe  
  29  2:42  Probe  
  31  2:51  Adept  
  31  2:54  Probe (Chrono Boost)  
  31  2:55  Probe (Chrono Boost)  
  37  3:06  Probe (Chrono Boost)  
  37  3:09  Probe (Chrono Boost), Phoenix (Chrono Boost)  
  37  3:11  Probe (Chrono Boost)  
  40  3:17  Probe  
  41  3:20  Pylon, Probe  
  41  3:26  Phoenix (Chrono Boost)  
  41  3:29  Probe  
  41  3:33  Probe  
  46  3:41  Probe  
  46  3:45  Probe  
  46  3:48  Phoenix (Chrono Boost)  
  47  3:53  Probe  
  50  3:58  Probe  
  50  4:02  Nexus  
  51  4:12  Probe  
  51  4:16  Gateway  
  52  4:17  Gateway  
  52  4:22  Robotics Facility  
  52  4:23  Probe  
  53  4:24  Pylon, Probe  
  54  4:40  Shield Battery  
  54  4:42  Probe, Phoenix (Chrono Boost)  
  54  4:44  Shield Battery  
  54  4:45  Adept  
  59  4:46  Probe  
  59  4:50  Assimilator x2  
  59  4:52  Pylon  
  60  5:01  Phoenix  
  62  5:10  Probe x2  
  62  5:11  Immortal (Chrono Boost)  
  68  5:16  Probe  
  69  5:22  Probe x2  
  69  5:23  Adept  
  69  5:27  Robotics Bay  
  73  5:28  Probe  
  73  5:31  Phoenix  
  73  5:34  Probe x2  
  78  5:36  Pylon  
  78  5:40  Probe  
  79  5:46  Probe x2  
  81  5:56  Probe (Chrono Boost), Phoenix  
  84  5:58  Probe x2 (Chrono Boost)  
  84  5:59  Assimilator x2  
  84  6:02  Pylon  
  86  6:05  Pylon  
  86  6:08  Probe x2 (Chrono Boost)  
  86  6:09  Probe (Chrono Boost)  
  89  6:13  Probe (Chrono Boost)  
  89  6:14  Extended Thermal Lance, Probe  
  89  6:17  Colossus (Chrono Boost)  
  91  6:18  Probe  
  91  6:24  Phoenix  
  100  6:27  Probe  
  100  6:31  Probe  
  100  6:32  Pylon  
  102  6:33  Pylon  
  102  6:35  Stargate  
  102  6:45  Probe x2  
  104  6:47  Pylon  
  104  6:50  Pylon  
  104  6:51  Phoenix  
  106  6:58  Probe  
  106  7:00  Pylon  
  106  7:01  Probe x2, Colossus (Chrono Boost)  
  115  7:11  Probe  
  115  7:13  Probe  
  115  7:15  Forge  
  117  7:19  Phoenix (Chrono Boost)  
  119  7:23  Phoenix (Chrono Boost)  
  119  7:25  Nexus  
  119  7:26  Probe  
  119  7:27  Pylon  
  122  7:30  Protoss Air Weapons Level 1 (Chrono Boost)  
  122  7:32  Probe  
  122  7:33  Probe  
  124  7:39  Phoenix (Chrono Boost)  
  124  7:42  Phoenix  
  128  7:44  Colossus (Chrono Boost)  
  128  7:47  Pylon  
  128  7:50  Fleet Beacon  
  134  7:52  Pylon  
  134  7:54  Pylon, Protoss Ground Weapons Level 1  
  134  7:57  Probe  
  135  8:01  Shield Battery  
  135  8:03  Shield Battery  
  135  8:04  Photon Cannon  
  135  8:06  Probe  
  135  8:07  Probe  
  137  8:14  Zealot x2, Sentry  
  137  8:17  Photon Cannon  
  137  8:19  Photon Cannon  
  143  8:20  Shield Battery  
  143  8:24  Pylon  
  141  8:27  Shield Battery  
  141  8:29  Shield Battery  
  141  8:30  Disruptor  
  142  8:43  Tempest (Chrono Boost)  
  142  8:44  Tempest (Chrono Boost)  
  150  8:51  Stargate, Probe x3  
  150  8:53  Probe  
  154  9:05  Probe x2  
  154  9:08  Assimilator  
  154  9:09  Pylon  
  156  9:11  Assimilator  
  156  9:13  Cybernetics Core  
  156  9:16  Tempest (Chrono Boost)  
  161  9:19  Probe  
  161  9:20  Probe  
  163  9:26  Protoss Air Weapons Level 2 (Chrono Boost)  
  163  9:27  Phoenix  
  163  9:30  Anion Pulse-Crystals (Chrono Boost)  
  165  9:35  Probe  
  166  9:43  Photon Cannon  
  166  9:44  Photon Cannon  
  166  9:45  Photon Cannon  
  166  9:48  Photon Cannon x2  
  166  9:50  Photon Cannon  
  166  9:52  Disruptor  
  166  9:59  Tempest x2  
  179  10:11  Shield Battery  
  179  10:13  Shield Battery  
  179  10:15  Shield Battery  
  179  10:16  Shield Battery  
  179  10:17  Zealot x3  
  180  10:41  Tempest  
  180  10:42  Tempest  
  130  11:14  Probe x2  
  130  11:15  Colossus (Chrono Boost)  
  130  11:16  Probe  
  123  11:22  Carrier (Chrono Boost)  
  123  11:25  Zealot x3  
  118  11:26  Probe x2  
  118  11:28  Probe  
  111  11:36  Assimilator  
  111  11:38  Nexus, Probe  
  111  11:39  Probe  
  113  11:40  Carrier (Chrono Boost), Probe  
  113  11:41  Carrier (Chrono Boost)  
  113  11:42  Assimilator  
  113  11:44  Pylon  
  113  11:45  Pylon  
  126  11:50  Probe  
  126  11:51  Probe  
  126  11:53  Probe, Robotics Facility  
  129  12:01  Pylon, Protoss Air Armor Level 1  
  129  12:03  Colossus (Chrono Boost)  
  129  12:05  Zealot x2  
  129  12:06  Photon Cannon, Protoss Air Weapons Level 3 (Chrono Boost)  
  129  12:08  Photon Cannon  
  139  12:09  Shield Battery  
  139  12:10  Shield Battery  
  139  12:12  Pylon  
  139  12:24  Carrier (Chrono Boost)  
  143  12:37  Zealot x3  
  137  13:07  Carrier (Chrono Boost)  
  137  13:08  Probe  
  137  13:09  Zealot x3  
  122  13:41  Probe  
  122  13:43  Probe  
  122  13:48  Carrier (Chrono Boost)  
  122  13:49  Probe  
  123  13:56  Probe  
  123  13:57  Probe  
  123  14:01  Probe  
  126  14:09  Probe x2  
  126  14:14  Probe  
  127  14:21  Probe  
  127  14:22  Assimilator  
  127  14:23  Probe  
  127  14:24  Pylon, Carrier  
  129  14:26  Probe  
  136  14:31  Shield Battery  
  136  14:33  Probe  
  136  14:35  Probe  
  138  14:41  Probe  
  138  14:44  Pylon  
  139  14:52  Probe  
  140  14:57  Probe  
  131  15:32  Carrier  
  131  15:57  Tempest  
Show
View Real Time Build Order
Export as new Build Order

aLive Terran - Winner!

Build Orders:  

Get SALT Encoding   

  12  0:00  SCV  
  13  0:12  SCV  
  14  0:17  Supply Depot  
  14  0:24  SCV  
  15  0:38  SCV  
  15  0:39  Barracks  
  15  0:42  Refinery  
  16  0:50  SCV  
  17  1:03  SCV  
  18  1:15  SCV  
  19  1:26  Barracks Reactor  
  19  1:27  Orbital Command  
  19  1:47  Command Center  
  19  1:52  SCV, Supply Depot  
  20  2:02  Reaper  
  20  2:03  Reaper  
  20  2:05  SCV  
  23  2:17  SCV  
  24  2:25  Command Center  
  24  2:29  SCV  
  25  2:34  Marine x2  
  27  2:41  SCV  
  28  2:45  Factory  
  28  2:52  Marine x2  
  28  2:53  SCV  
  31  3:02  Orbital Command  
  31  3:05  SCV  
  32  3:08  Refinery  
  32  3:11  Marine  
  33  3:13  Marine  
  33  3:17  SCV  
  35  3:28  Marine  
  35  3:29  SCV x2  
  35  3:30  Marine  
  39  3:34  Starport  
  39  3:35  Factory Tech Lab  
  39  3:41  Orbital Command, SCV  
  39  3:44  SCV  
  39  3:46  Marine  
  42  3:54  Cyclone, SCV  
  46  3:55  Marine  
  46  3:56  SCV  
  48  4:04  Marine  
  48  4:07  SCV, Supply Depot  
  48  4:08  SCV  
  48  4:09  SCV  
  52  4:14  Marine  
  52  4:15  Viking  
  54  4:19  SCV  
  54  4:21  Supply Depot  
  54  4:22  Marine  
  54  4:23  SCV x2  
  58  4:30  Siege Tank  
  61  4:32  Marine  
  62  4:40  SCV, Marine  
  62  4:41  Barracks  
  62  4:42  SCV  
  62  4:44  Barracks  
  65  4:48  SCV  
  65  4:49  Marine  
  68  4:52  SCV  
  68  4:56  Refinery, Starport Tech Lab  
  68  4:57  Refinery, SCV, Marine  
  70  5:00  SCV  
  70  5:02  Supply Depot  
  70  5:06  SCV  
  72  5:07  Marine  
  72  5:11  Engineering Bay  
  72  5:12  SCV, Factory Tech Lab  
  72  5:14  Engineering Bay  
  74  5:15  Orbital Command  
  74  5:19  SCV, Marine  
  77  5:25  SCV, Marine, Starport Reactor  
  77  5:28  Supply Depot  
  78  5:31  Siege Tank  
  78  5:32  SCV  
  82  5:37  SCV, Marine x2  
  82  5:38  Stimpack  
  82  5:39  Combat Shield, Supply Depot  
  85  5:45  Missile Turret  
  85  5:48  Marine  
  85  5:49  SCV x3  
  87  5:55  Terran Infantry Weapons Level 1, Missile Turret, Terran Infantry Armor Level 1  
  87  6:01  SCV  
  87  6:02  SCV x2  
  87  6:03  Marine  
  91  6:04  Supply Depot x2  
  91  6:05  Marine x2  
  91  6:07  Marine  
  94  6:13  Siege Tank, SCV, Supply Depot  
  94  6:18  Missile Turret  
  98  6:21  Supply Depot, Marine  
  98  6:22  Medivac  
  101  6:25  Medivac, SCV x2  
  101  6:27  Marine x3  
  101  6:30  SCV  
  101  6:31  Supply Depot  
  109  6:38  Barracks  
  109  6:39  Barracks, SCV x2  
  110  6:42  Marine  
  110  6:44  Marine  
  110  6:45  Siege Tank  
  115  6:48  SCV  
  115  6:52  Refinery, Marine  
  115  6:53  Refinery, Factory  
  116  6:54  Marine  
  116  6:57  SCV  
  116  7:00  SCV, Marine  
  120  7:02  Marine  
  120  7:06  SCV  
  120  7:08  Medivac, Armory  
  122  7:09  Supply Depot  
  122  7:12  SCV  
  122  7:15  Marine x2  
  125  7:16  Supply Depot  
  125  7:17  Medivac  
  125  7:18  SCV x2  
  131  7:23  Marine  
  131  7:24  Supply Depot  
  131  7:25  Siege Tank  
  131  7:28  Barracks Reactor  
  131  7:29  Barracks Reactor  
  135  7:30  Missile Turret  
  135  7:32  Missile Turret  
  135  7:35  Command Center  
  135  7:37  Factory Tech Lab  
  135  7:39  Marine x2  
  135  7:42  Marine  
  135  7:43  Medivac  
  140  7:47  Medivac  
  140  7:49  Marine  
  143  7:53  Missile Turret  
  143  7:56  Marine  
  143  7:57  Siege Tank x2, Marine  
  151  7:59  Missile Turret  
  151  8:00  Supply Depot, Marine  
  152  8:06  Marine x2  
  152  8:07  Marine x3  
  152  8:12  Supply Depot  
  156  8:14  Marine x2, Terran Infantry Weapons Level 2  
  156  8:18  Terran Infantry Armor Level 2  
  158  8:20  Marine  
  158  8:24  Marine x4  
  158  8:25  Marine  
  158  8:26  Terran Vehicle Weapons Level 1  
  164  8:31  Medivac  
  164  8:32  Marine x2  
  168  8:37  Marine  
  163  8:42  Siege Tank, Marine x5  
  163  8:47  Siege Tank  
  174  8:50  Marine x2  
  176  8:55  Marine  
  176  8:59  Command Center  
  176  9:00  Marine x5  
  182  9:06  SCV  
  182  9:08  Marine x2  
  182  9:09  SCV x2  
  187  9:13  Marine  
  188  9:18  Siege Tank, Marine x3  
  194  9:24  Marine  
  194  9:28  Planetary Fortress, Missile Turret  
  195  9:36  Factory, Marine  
  196  10:01  Marine x2  
  196  10:07  Marine x3  
  196  10:11  Marine x3  
  196  10:14  Factory x2  
  199  10:16  Siege Tank  
  199  10:19  Siege Tank  
  198  10:24  Marine  
  198  10:27  Medivac x2, Command Center, Marine  
  195  10:30  Command Center  
  195  10:31  Marine x2  
  195  10:35  Marine  
  196  10:37  Marine  
  196  10:41  Marine x2  
  196  10:42  Marine  
  194  10:49  Siege Tank  
  186  10:50  Marine  
  186  10:51  Siege Tank, Marine  
  186  10:57  Medivac, Factory Tech Lab  
  188  10:58  Factory Tech Lab x2  
  188  11:01  Marine  
  188  11:02  Marine  
  160  11:12  Marine  
  160  11:13  Marine  
  160  11:15  Siege Tank, Marine  
  160  11:16  Marine x3  
  160  11:18  Siege Tank x2  
  158  11:19  Marine  
  158  11:20  Marine  
  158  11:21  Refinery x2, Siege Tank  
  158  11:23  Siege Tank  
  156  11:29  Marine  
  156  11:31  Marine  
  156  11:32  SCV  
  146  11:33  Marine x4  
  146  11:34  Planetary Fortress  
  146  11:35  SCV x3  
  146  11:42  Orbital Command  
  146  11:43  Orbital Command, Marine  
  146  11:44  SCV  
  146  11:45  Medivac  
  150  11:47  SCV x2  
  150  11:48  Siege Tank  
  150  11:49  Medivac  
  150  11:50  Siege Tank, Marine x2  
  150  11:51  SCV  
  150  11:52  Marine  
  150  11:53  Marine  
  165  11:54  Marine  
  165  11:57  SCV  
  165  11:59  SCV x2  
  169  12:01  Marine  
  169  12:02  Missile Turret, Marine  
  169  12:05  Siege Tank  
  174  12:09  Marine x3  
  174  12:10  Marine x2  
  174  12:11  SCV  
  174  12:12  Marine  
  181  12:15  Siege Tank  
  181  12:18  SCV x3  
  181  12:21  Siege Tank  
  181  12:22  Marine x2  
  192  12:27  Marine x2  
  194  12:33  Siege Tank  
  197  12:38  Siege Tank  
  200  12:48  Terran Infantry Weapons Level 3, Terran Infantry Armor Level 3  
  198  12:55  Marine x6  
  198  12:58  Marine x2  
  198  13:04  Medivac  
  195  13:13  Marine x6  
  195  13:16  Marine  
  199  13:21  Marine  
  199  13:25  Siege Tank  
  197  13:28  Medivac  
  197  13:31  Marine x6  
  197  13:34  Medivac, Marine  
  198  13:39  Marine  
  192  13:47  Siege Tank  
  187  13:48  Marine  
  187  13:49  Marine x2  
  187  13:51  Marine x2  
  187  13:53  Marine x2  
  178  13:56  Marine  
  178  13:57  Siege Tank  
  178  13:58  Medivac  
  178  14:06  Marine  
  178  14:07  Marine x2  
  178  14:08  Medivac  
  178  14:09  Marine x2  
  182  14:10  Siege Tank  
  182  14:11  Marine x2  
  182  14:12  Thor x2  
  182  14:14  Marine  
  199  14:17  Command Center  
  199  14:19  Refinery x2  
  199  14:21  Command Center  
  199  14:23  Thor  
  191  14:24  Marine x3  
  191  14:26  Marine  
  191  14:27  Marine  
  191  14:28  Terran Vehicle Weapons Level 2, Marine  
  191  14:29  Marine  
  194  14:32  Marine, Armory  
  194  14:34  Medivac  
  194  14:41  Command Center  
  194  14:42  Marine x3  
  194  14:44  Marine x2  
  199  14:46  Marine  
  195  15:08  Marine  
  195  15:10  Marine  
  197  15:19  Thor  
  196  15:24  Marine  
  196  15:28  Marine  
  197  15:32  Marine  
  197  15:34  Marine  
  200  15:39  Marine  
  200  15:40  Marine x2  
  200  15:47  Marine x2  
  200  15:58  Orbital Command  
  200  16:01  Marine  
  197  16:04  Marine x2  
  197  16:05  Thor  
  197  16:08  Marine x2  
  192  16:11  Thor  
  192  16:12  Marine x2  
  199  16:20  Siege Tank, Marine x2  
  199  16:22  Marine x2  
  194  16:25  Marine  
  194  16:26  Marine  
  194  16:30  Marine x2  
  194  16:31  Thor x2  
  193  16:36  Medivac  
  193  16:38  Marine x2  
  185  16:40  Marine x2  
  185  16:43  Marine x2  
  179  16:48  Marine x2  
  179  16:50  SCV  
  179  16:51  Thor  
  170  16:55  Marine  
  170  16:56  Marine  
  170  16:57  Marine  
  170  16:58  Marine  
  165  17:01  Marine x2  
  165  17:02  Medivac  
  165  17:05  Marine  
  165  17:06  Medivac, Marine  
  165  17:07  Factory Tech Lab  
  167  17:13  Marine  
  167  17:14  Marine  
  162  17:15  Marine x2  
  162  17:19  Factory Tech Lab, Marine  
  162  17:20  Factory Tech Lab  
Tags
 
Add a new tag
Caveats
  • Supply blocks, unpowered buildings, or Contaminate may cause inaccurate times.
  • Supply counts are checked every 10 seconds.